AoeStats
← NuMa | Gacha

Arabia

508695297Analyzed
2v2 RM · 10d ago on Sep 23, 2026· 77m 8s· 4 players
Game mode
Random Map
Map size
Medium (4 player)
Population
200
Speed
Normal
Resources
Standard
Victory
Conquest
Starting age
Dark Age
Ending age
Imperial Age
RankedLock teamsTeams togetherTeam positionsShared explorationLock speedFull tech treeHidden civsTurbo modeCheats
Victory
Defeat
🇹🇷 Magyars · Türkiye
1061
+15
🇹🇷 Hindustanis · Türkiye
1059
+15
🇨🇴 Italians · Colombia
1118
-18
🇨🇴 Lithuanians · Colombia
955
-12
NuMa | Gacha
6:37 Loom
10:00 Feudal Age
10:29 Double-Bit Axe
20:26 Castle Age
19:07 Fletching
19:10 Gold Mining
19:47 Padded Archer Armor
20:51 Crossbowman
23:45 Bow Saw
24:21 Bodkin Arrow
25:07 Pikeman
28:44 Thumb Ring
29:07 Horse Collar
32:35 Ballistics
33:45 Wheelbarrow
33:42 Stone Mining
34:09 Leather Archer Armor
38:09 Imperial Age
36:09 Forging
36:00 Scale Mail Armor
36:48 Squires
37:18 Hand Cart
38:52 Heavy Plow
40:26 Iron Casting
40:38 Stone Shaft Mining
40:31 Treadmill Crane
41:52 Chemistry
41:23 Bracer
41:54 Ring Archer Armor
42:27 Blast Furnace
43:04 Chain Mail Armor
45:18 Conscription
47:26 Two-Man Saw
50:07 Plate Mail Armor
59:05 Murder Holes
74:21 Light Cavalry
75:11 Bloodlines
winter991
6:57 Loom
9:23 Feudal Age
10:55 Double-Bit Axe
14:17 Town Watch
23:10 Castle Age
21:11 Horse Collar
21:26 Gold Mining
24:28 Bow Saw
24:24 Heavy Plow
24:17 Light Cavalry
25:55 Pikeman
27:16 Scale Mail Armor
27:54 Forging
30:51 Stone Mining
32:55 Town Patrol
35:48 Imperial Age
35:09 Wheelbarrow
35:14 Stone Shaft Mining
35:54 Squires
35:40 Arson
36:42 Halberdier
38:01 Iron Casting
37:53 Conscription
39:19 Elite Leitis
40:46 Hand Cart
40:40 Scale Barding Armor
41:55 Hill Forts
44:49 Chain Barding Armor
45:29 Tower Shields
52:16 Chemistry
60:16 Fletching
60:50 Ballistics
61:41 Two-Man Saw
61:13 Crop Rotation
62:45 Bodkin Arrow
62:49 Murder Holes
69:27 Bracer
69:10 Treadmill Crane
70:49 Chain Mail Armor
74:03 Padded Archer Armor
74:16 Fortified Wall
avare
7:03 Loom
9:27 Feudal Age
10:32 Double-Bit Axe
20:58 Castle Age
19:20 Fletching
20:09 Scale Barding Armor
20:02 Horse Collar
20:15 Gold Mining
21:11 Bloodlines
22:25 Wheelbarrow
22:56 Bow Saw
27:57 Chain Barding Armor
28:07 Husbandry
30:12 Hand Cart
30:32 Bodkin Arrow
30:38 Padded Archer Armor
30:20 Elite Skirmisher
31:09 Heavy Plow
31:23 Pikeman
33:08 Leather Archer Armor
40:01 Imperial Age
37:56 Ballistics
38:33 Masonry
41:23 Plate Barding Armor
40:49 Bracer
41:19 Ring Archer Armor
40:43 Cavalier
42:35 Parthian Tactics
42:16 Thumb Ring
43:00 Light Cavalry
44:12 Heavy Cavalry Archer
45:03 Scale Mail Armor
45:44 Crop Rotation
46:24 Two-Man Saw
47:29 Chemistry
50:08 Conscription
49:46 Murder Holes
75:50 Hussar
Hacıİlbey
6:20 Loom
8:30 Feudal Age
9:29 Double-Bit Axe
15:38 Horse Collar
22:33 Castle Age
21:11 Bloodlines
21:07 Scale Barding Armor
23:31 Wheelbarrow
22:43 Town Watch
22:53 Gold Mining
23:39 Forging
23:41 Husbandry
24:56 Iron Casting
25:01 Bow Saw
26:48 Heavy Plow
28:21 Chain Barding Armor
34:39 Imperial Age
32:25 Hand Cart
32:11 Town Patrol
32:56 Scale Mail Armor
32:59 Squires
32:51 Arson
34:51 Chain Mail Armor
34:15 Light Cavalry
35:58 Masonry
37:53 Conscription
39:24 Chemistry
38:46 Elite Ghulam
40:38 Gold Shaft Mining
39:53 Stone Mining
41:05 Two-Man Saw
41:46 Hussar
41:47 Heavy Camel Rider
43:38 Plate Barding Armor
44:04 Blast Furnace
43:11 Imperial Camel Rider
57:15 Coinage
70:04 Stone Shaft Mining
Connection lost

Rejoining the realm…

Still unreachable

The connection could not be restored.

Session expired

The server has moved on; the page needs a fresh start.